 Dungeon Crawl Stone Soup version 0.31-a0-1005-gfbdfbacc72 (webtiles) character file.

Game seed: 459930182679995080

19696 protoss039 the Thaumaturge (level 12, -13/94 HPs)
             Began as a Demonspawn Earth Elementalist on Nov 11, 2023.
             Was a Believer of Vehumet.
             Killed from afar by Frances (47 damage)
             ... with an iron shot
             ... on level 12 of the Dungeon.
             The game lasted 00:47:00 (13346 turns).

protoss039 the Thaumaturge (DsEE)                  Turns: 13346, Time: 00:47:01

Health: -13/94     AC: 23    Str:  9    XL:     12   Next: 38%
Magic:  20/25      EV: 12    Int: 29    God:    Vehumet [**....]
Gold:   349        SH:  8    Dex: 10    Spells: 23/29 levels left

rFire   + . .        d - +4 trident (venom)
rCold   . . .        T - +0 buckler
rNeg    . . .        P - +0 steam dragon scales
rPois   .            R - +0 helmet "Gierph" {Regen+ Int+8 Dex-4}
rElec   .            u - +0 cloak
rCorr   .            (no gloves)
SInv    .            F - +1 pair of boots
Will    +....        O - amulet of regeneration
Stlth   ++           f - ring of protection from fire
HPRegen 1.95/turn    G - ring of willpower
MPRegen 0.19/turn

%: no passive effects
@: no status effects
A: claws 1, yellow scales 2, icemail 2, condensation shield
a: Renounce Religion


You were on level 12 of the Dungeon.
You worshipped Vehumet.
Vehumet was pleased with you.
You visited 2 branches of the dungeon, and saw 13 of its levels.
You also visited: Bailey.

You collected 627 gold pieces.
You spent 278 gold pieces at shops.

Inventory:

Hand Weapons
 d - a +4 trident of venom (weapon)
 q - a +2 quarterstaff of chaos
 t - the +6 dagger of Epleysynt {drain, Will++}
   (You found it on level 3 of the Dungeon)

   Will++:    It greatly increases your willpower.
 K - a +2 war axe of flaming
Missiles
 E - 3 throwing nets
Armour
 s - a +1 robe of fire resistance
 u - a +0 cloak (worn)
 B - the +1 ring mail of Tender Moments {Str+3}
   (You found it on level 5 of the Dungeon)

   Str+3:     It affects your strength (+3).
 F - a +1 pair of boots (worn)
 L - +0 swamp dragon scales
 P - +0 steam dragon scales (worn)
 R - the +0 helmet "Gierph" (worn) {Regen+ Int+8 Dex-4}
   (You bought it in a shop on level 1 of the Dungeon)

   Int+8:     It affects your intelligence (+8).
   Dex-4:     It affects your dexterity (-4).
   Regen+:    It increases your rate of health regeneration.
 T - a +0 buckler (worn)
Jewellery
 f - a ring of protection from fire (left claw)
 w - a ring of fire
 G - a ring of willpower (right claw)
 O - an amulet of regeneration (around neck)
 W - a ring of flight
Wands
 a - a wand of polymorph (6)
 y - a wand of quicksilver (14)
 A - a wand of flame (9)
 I - a wand of charming (10)
 J - a wand of mindburst (28)
 M - a wand of iceblast (14)
Scrolls
 c - 4 scrolls of revelation
 g - 2 scrolls of fear {unknown}
 h - 2 scrolls of amnesia {unknown}
 i - 2 scrolls of enchant weapon {unknown}
 j - 2 scrolls of identify
 l - 2 scrolls of torment {unknown}
 m - 2 scrolls of vulnerability {unknown}
 v - 7 scrolls of teleportation
 z - 2 scrolls of butterflies {unknown}
 C - 4 scrolls of fog
 D - a scroll of enchant armour {unknown}
 S - a scroll of blinking {unknown}
 V - a scroll of poison {unknown}
Potions
 b - a potion of resistance
 e - a potion of enlightenment {unknown}
 k - 4 potions of curing {unknown}
 n - a potion of brilliance {unknown}
 o - a potion of invisibility {unknown}
 p - 5 potions of attraction {unknown}
 r - 2 potions of haste {unknown}
 x - a potion of heal wounds
 N - a potion of might {unknown}
 Q - a potion of cancellation {unknown}
 U - a potion of ambrosia {unknown}
Miscellaneous
 H - a sack of spiders


   Skills:
 + Level 8.8 Fighting
 - Level 3.0 Short Blades
 * Level 8.4 Armour
 - Level 3.0 Dodging
 - Level 3.0 Stealth
 * Level 4.5 Shields
 * Level 9.3 Spellcasting
 - Level 6.0 Conjurations
 - Level 1.0 Transmutations
 + Level 8.4 Earth Magic
 - Level 3.0 Evocations


You had 23 spell levels left.
You knew the following spells:

 Your Spells              Type           Power      Damage    Failure   Level
a - Sandblast             Erth           100%       2d20      1%          1
b - Passwall              Tmut/Erth      34%        N/A       1%          2
c - Stone Arrow           Conj/Erth      100%       3d13      1%          3

Your spell library contained the following spells:

 Spells                   Type           Power      Damage    Failure   Level
 Searing Ray              Conj           96%        2d7       1%          2
 Brom's Barrelling Bould  Conj/Erth      53%        2d7       3%          4
 Ensorcelled Hibernation  Hex/Ice        26%        N/A       9%          2
 Petrify                  Tmut/Erth      41%        N/A       9%          4
 Animate Armour           Summ/Erth      76%        N/A       11%         4
 Ignite Poison            Fire/Tmut/Pois 15%        N/A       16%         3
 Frozen Ramparts          Ice            26%        1d4       17%         3
 Ozocubu's Armour         Ice            13%        N/A       17%         3
 Tukima's Dance           Hex            13%        N/A       17%         3
 Sticky Flame             Conj/Fire      30%        2d5       17%         4
 Passage of Golubria      Tloc           13%        N/A       50%         4
 Yara's Violent Unravell  Hex/Tmut       8%         3d5       78%         5
 Metabolic Englaciation   Hex/Ice        6%         N/A       85%         5
 Ignition                 Fire           6%         3d4       100%        8


Dungeon Overview and Level Annotations

Branches:
Dungeon (12/15) Zot: 26335  Temple (1/1) D:7 Zot: 5998    Lair (0/5) D:11
    Orc (0/2) D:9          Bailey (visited)

Altars:
Ashenzari
Cheibriados
Dithmenos
Fedhas
Gozag
Hepliaklqana
Kikubaaqudgha
Makhleb
Nemelex Xobeh
Okawaru
Qazlal
Ru
Sif Muna
Trog
Uskayaw
Vehumet
Wu Jian
Xom
Yredelemnul

Shops:
D:1 [   D:5 (:(   D:7 **

Annotations:
D:6 3 runed translucent doors, adozu's ghost, novice DsSh
D:12 Frances


Innate Abilities, Weirdness & Mutations

You have sharp fingernails.
You are mostly covered in yellow scales. (AC +3)
A meltable icy envelope protects you from harm. (AC +8)
A meltable shield of frost defends you. (SH +4)


Message History

The stone arrow hits Frances!!
Frances is lightly wounded.
Frances shouts!
Press: ? - help, v - describe, . - travel
Here: Frances, wielding a +1 battleaxe of freezing and wearing a +3 ring mail of poison resistance (lightly wounded)
The floor.
You reach to attack!
You barely miss Frances.
Frances is lightly wounded.
Frances hits you with a +1 battleaxe of freezing!
Frances freezes you.
You closely miss Frances.
Frances is lightly wounded.
Frances hits you with a +1 battleaxe of freezing!
Frances freezes you.
You hit Frances.
Frances is lightly wounded.
Frances chants phrases taken from a devil's mouth.
Frances seems to speed up.
You hit Frances.
Frances is poisoned.
Frances is lightly wounded.
Frances barely misses you.
Frances hits you with a +1 battleaxe of freezing.
Frances freezes you.
Frances whispers indecipherable words.
You block the iron shot.
Unknown command.
Casting: Stone Arrow (safe; 1% risk of failure)
Confirm with . or Enter, or press ? or * to list all spells.
Aiming: Stone Arrow (safe; 1% risk of failure)
Press: ? - help, Shift-Dir - straight line, f/p - Frances
Aim: Frances, wielding a +1 battleaxe of freezing and wearing a +3 ring mail of poison resistance (lightly wounded, fast, very poisoned, 81% to hit)
The stone arrow misses Frances.
Frances chants phrases taken from a devil's mouth.
The iron shot hits you!!!
You closely miss Frances.
Frances is lightly wounded.
Frances chants phrases taken from a devil's mouth.
The iron shot hits you!!!
Ouch! That really hurt!
You die...

#...#
.#.....#...#........
#####
..#.#......#........
..........##........
#.....##...#####...
..#....##...#...#...
................# ..
....#........###
##.......#...###
#.......@.......
#......#@.#.....
#..##.#..#......
#..#........#### ##
#..........
..........#. #.
.......##... . #.
..####.. ... #. #.


You could see Frances (fast, very poisoned).

Vanquished Creatures
  A two-headed ogre (D:12)
  An ugly thing (D:12)
  An orc knight (Bailey)
  A deep elf zephyrmancer (Bailey)
  A cyclops (D:11)
  Jeremiah (D:6)
  3 kobold demonologists
  4 trolls
  Prince Ribbit (D:9)
  Grinder (D:3)
  Sigmund (D:3)
  A shadow (D:11)
  A water elemental (D:11)
  A vampire (D:11)
  2 wraiths
  32 yaks
  Eustachio (D:6)
  2 wyverns (D:8)
  8 vampire mosquitoes (D:12)
  2 steam dragons (D:6)
  2 water moccasins (D:7)
  3 hell hounds (D:12)
  14 orc warriors
  2 sky beasts
  An ice beast (D:6)
  A black bear (D:5)
  3 ogres
  2 wolves
  15 centaurs
  4 phantoms
  A kobold brigand (D:8)
  An elf zombie (D:4)
  3 elf skeletons (D:4)
  2 bullfrogs
  5 gnoll sergeants
  3 scorpions
  9 wights
  3 electric eels (D:11)
  A howler monkey (D:9)
  2 human zombies (D:4)
  2 jellies
  Crazy Yiuf (D:3)
  7 orc priests
  3 gnoll boudas
  13 hounds
  A human skeleton (D:4)
  3 sleepcaps
  4 iguanas
  15 orc wizards
  10 adders
  38 gnolls
  2 shadow imps
  3 white imps
  5 ufetubi
  A worm (D:2)
  2 dart slugs (D:2)
  49 orcs
  3 bats
  8 endoplasms
  A giant cockroach (D:3)
  8 goblins
  10 hobgoblins
  7 jackals
  4 quokkas
  10 ball pythons
  4 frilled lizards
  7 kobolds
  2 orc skeletons (D:4)
  2 orc zombies (D:4)
  8 rats
376 creatures vanquished.

Vanquished Creatures (collateral kills)
  Maggie (D:6)
  An ogre (D:6)
  An ufetubus (D:6)
3 creatures vanquished.

Grand Total: 379 creatures vanquished

Notes
Turn   | Place    | Note
-------+----------+-------------------------------------------
     0 | D:1      | protoss039 the Demonspawn Earth Elementalist began the
                  | quest for the Orb.
     0 | D:1      | Reached XP level 1. HP: 13/13 MP: 3/3
    29 | D:1      | Found Ogasch's Armour Shop.
   306 | D:1      | Gained mutation: You are partially covered in yellow
                  | scales. (AC +2) [demonic ancestry]
   306 | D:1      | Reached XP level 2. HP: 14/20 MP: 0/5
   419 | D:1      | Reached skill level 1 in Fighting
   874 | D:1      | Learned a level 2 spell: Passwall
   875 | D:2      | Identified the "Hupahyuk"
   880 | D:2      | Reached XP level 3. HP: 17/26 MP: 1/6
   929 | D:1      | Learned a level 3 spell: Stone Arrow
  1253 | D:2      | Reached skill level 1 in Conjurations
  1316 | D:2      | Reached XP level 4. HP: 33/33 MP: 4/8
  1972 | D:3      | Found a faded altar of an unknown god.
  2059 | D:3      | Identified the +6 dagger of Epleysynt {drain, Will++}
  2073 | D:3      | Noticed a scorpion
  2092 | D:3      | Noticed Sigmund
  2168 | D:3      | Noticed Grinder
  2201 | D:3      | Paralysed by Grinder for 3 turns
  2206 | D:3      | Killed Grinder
  2207 | D:3      | Reached skill level 3 in Spellcasting
  2207 | D:3      | Gained mutation: A meltable shield of frost defends you.
                  | (SH +4) [demonic ancestry]
  2207 | D:3      | Reached XP level 5. HP: 5/39 MP: 0/10
  2207 | D:3      | Gained mutation: A meltable icy envelope protects you from
                  | harm. (AC +8) [demonic ancestry]
  2207 | D:3      | Reached XP level 6. HP: 6/46 MP: 0/11
  2364 | D:3      | Found a runed translucent door.
  2365 | D:3      | Noticed Crazy Yiuf
  2478 | D:3      | Killed Sigmund
  2714 | D:3      | Reached skill level 4 in Spellcasting
  2714 | D:3      | Gained mutation: A meltable icy envelope protects you from
                  | harm. (AC +8) [demonic ancestry]
  2714 | D:3      | Reached XP level 7. HP: 52/52 MP: 8/13
  2834 | D:3      | Killed Crazy Yiuf
  2957 | D:4      | Found a hazy altar of Hepliaklqana.
  2969 | D:4      | Found a broken altar of Ashenzari.
  3334 | D:4      | Reached skill level 1 in Armour
  3524 | D:4      | Found a shimmering altar of Xom.
  3526 | D:4      | Found an ancient bone altar of Kikubaaqudgha.
  3876 | D:4      | Gained mutation: You have sharp fingernails. [demonic
                  | ancestry]
  3876 | D:4      | Reached XP level 8. HP: 60/60 MP: 7/14
  4024 | D:5      | Entered Level 5 of the Dungeon
  4248 | D:5      | Reached skill level 5 in Earth Magic
  4460 | D:5      | Identified the +1 ring mail of Tender Moments {Str+3}
  4551 | D:5      | Reached skill level 1 in Transmutations
  4765 | D:5      | Reached skill level 1 in Evocations
  4770 | D:5      | Found Quenazxi's Antique Weapon Emporium.
  4788 | D:5      | Reached skill level 1 in Short Blades
  4870 | D:5      | Reached XP level 9. HP: 67/67 MP: 4/16
  4963 | D:5      | Reached skill level 5 in Spellcasting
  5227 | D:5      | Reached skill level 5 in Fighting
  5514 | D:5      | You fall into a shaft and drop 3 floors!
  5817 | D:8      | Reached skill level 5 in Conjurations
  5826 | D:8      | Reached skill level 5 in Armour
  6082 | D:8      | Reached XP level 10. HP: 76/76 MP: 5/18
  6230 | D:7      | Found a flagged portal.
  6263 | Bailey   | Entered a bailey
  6459 | Bailey   | Noticed an orc knight
  6484 | Bailey   | Killed an orc knight
  6485 | Bailey   | Reached skill level 6 in Spellcasting
  6719 | Bailey   | Found a large runed translucent door.
  6719 | Bailey   | Found a large runed translucent door.
  6720 | Bailey   | Noticed a deep elf zephyrmancer
  6801 | Bailey   | Killed a deep elf zephyrmancer
  6828 | Bailey   | Identified the +1 robe of Vuoph {rN+ Int-5 Dex+6}
  7016 | D:7      | Found a staircase to the Ecumenical Temple.
  7067 | Temple   | Entered the Ecumenical Temple
  7181 | D:7      | Found Ziowneci's Elemental Accessories.
  7222 | D:7      | Found Yntog's Assorted Antiques.
  7505 | D:6      | Noticed Maggie
  7508 | D:6      | Noticed Jeremiah
  7513 | D:6      | Killed Maggie
  7576 | D:6      | Killed Jeremiah
  7653 | D:6      | Found a runed translucent gate.
  7654 | D:6      | Found a runed translucent gate.
  7654 | D:6      | Noticed adozu's ghost (novice DsSh)
  7655 | D:6      | Found a runed translucent gate.
  7780 | D:6      | Found a sacrificial altar of Ru.
  7893 | D:6      | Reached skill level 7 in Spellcasting
  7941 | D:6      | Noticed Eustachio
  7952 | D:6      | Killed Eustachio
  8557 | D:5      | Found Zyckaocsic's Antique Weapon Shoppe.
  8659 | D:5      | Found Witimeis's Book Shop.
  9088 | D:1      | Bought the +0 helmet "Gierph" {Regen+ Int+8 Dex-4} for 278
                  | gold pieces
  9402 | D:8      | Gained mutation: You are mostly covered in yellow scales.
                  | (AC +3) [demonic ancestry]
  9402 | D:8      | Reached XP level 11. HP: 83/84 MP: 21/21
  9917 | D:9      | Found a staircase to the Orcish Mines.
 10170 | D:9      | Noticed Prince Ribbit
 10214 | D:9      | Killed Prince Ribbit
 10360 | D:9      | Identified the +4 chain mail of the Fife {Dex+4}
 10553 | D:9      | Found a sparkling altar of Nemelex Xobeh.
 10559 | D:9      | Found an ornate altar of the Wu Jian Council.
 10747 | D:10     | Entered Level 10 of the Dungeon
 10889 | D:10     | Reached skill level 8 in Spellcasting
 11044 | D:10     | Found a radiant altar of Vehumet.
 11049 | D:10     | Became a worshipper of Vehumet
 11244 | D:10     | Reached skill level 1 in Shields
 11371 | D:10     | Reached * piety under Vehumet
 11371 | D:10     | Offered knowledge of Shock by Vehumet.
 11835 | D:11     | Found a staircase to the Lair.
 12269 | D:11     | Reached XP level 12. HP: 94/94 MP: 24/24
 12349 | D:11     | Reached ** piety under Vehumet
 12627 | D:11     | Offered knowledge of Searing Ray by Vehumet.
 12744 | D:12     | Noticed a two-headed ogre
 12761 | D:12     | Killed a two-headed ogre
 12762 | D:12     | Reached skill level 9 in Spellcasting
 13339 | D:12     | Noticed Frances
 13346 | D:12     | Killed from afar by Frances

Illustrated notes

Levels and vault maps discovered:
D:1:      roadster_arrival_rocket_small, layout_loops_ring, serial_shops,
          nicolae_diamond_shop
D:2:      layout_rooms, minmay_strange_pillars, minmay_misc_feat_ornament,
          minmay_pentomino_q2
D:3:      layout_basic, shapermc_ecumenical_altar_totnotflames,
          kennysheep_generic_room_11, uniq_crazy_yiuf_cottage, uniq_sigmund,
          uniq_grinder
D:4:      layout_basic, nicolae_overflow_hidden_temple,
          nicolae_ossuary_entry_catacombs, minmay_pentangle
D:5:      layout_cave_pools, serial_gnoll_camp, gnoll_camp_huts_basic,
          gnoll_camp_mini_shop, gnoll_camp_mini_shop, gnoll_camp_mini_shop,
          gnoll_camp_mini_basic, gnoll_camp_medium_01
D:6:      layout_gridville, nicolae_ru_path_of_blood,
          gammafunk_ghost_nasty_kobolds, kennysheep_nondescript, uniq_maggie,
          uniq_eustachio, uniq_jeremiah
D:7:      layout_cave_pools, minmay_temple_entry_waves, enter_bailey_7,
          serial_shops, nicolae_shop_hallway_plus, nicolae_elemental_shop
D:8:      layout_cave_pods
D:9:      layout_loops_ring, grunt_temple_overflow_open, david_orc_5,
          uniq_prince_ribbit1
D:10:     kennysheep_spiral_hall, layout_cave_pools, marbit_many_paths,
          minmay_misc_feat_rugged
D:11:     layout_irregular_city, erik_lair_island
D:12:     layout_stronghold, ebering_ghost_funeral_grove,
          hangedman_abyss_or_decor_lesser_grid, chequers_garden, uniq_frances,
          uniq_azrael
Temple:   zaba_magenta_temple

Skill      XL: |  1  2  3  4  5  6  7  8  9 10 11 12 |
---------------+-------------------------------------+-----
Fighting       | 1 2 3 4 5 7 8 |  8.8
Earth Magic    | 3 4 5 6 7 8 |  8.4
Conjurations   | 1 3 4 5 6 |  6.0
Spellcasting   | 3 4 5 7 8 9 |  9.3
Dodging        | 2 3 |  3.0
Stealth        | 2 3 |  3.0
Armour         | 1 3 5 6 7 8 |  8.4
Transmutations | 1 |  1.0
Evocations     | 1 3 |  3.0
Short Blades   | 1 3 |  3.0
Shields        | 3 4 |  4.5

Action                     |  1- 3 |  4- 6 |  7- 9 | 10-12 || total
---------------------------+-------+-------+-------+-------++-------
  Melee: Short sword       |    16 |    21 |       |       ||    37
         Dagger            |       |       |    96 |    72 ||   168
         Quarterstaff      |       |       |    73 |       ||    73
         Trident           |       |       |   133 |   723 ||   856
         Punch             |       |       |       |     9 ||     9
   Cast: Sandblast         |    54 |    39 |    49 |    23 ||   165
         Stone Arrow       |       |     1 |    67 |    99 ||   167
         Passwall          |       |       |     9 |     2 ||    11
  Evoke: Wand              |       |       |     2 |     1 ||     3
         Sack of spiders   |       |       |       |     1 ||     1
    Use: Potion            |     1 |       |     1 |     2 ||     4
         Scroll            |       |       |     4 |     3 ||     7
   Stab: Sleeping          |     1 |     1 |     3 |    10 ||    15
         Confused          |       |       |     1 |       ||     1
         Distracted        |       |       |       |     2 ||     2
 Armour: Robe              |    35 |    17 |    23 |       ||    75
         Leather armour    |       |       |   213 |   211 ||   424
         Steam dragon scal |       |       |       |   893 ||   893
         Crystal plate arm |       |       |       |    25 ||    25
  Dodge: Dodged            |    29 |    16 |   203 |   729 ||   977
  Block: Other             |       |     1 |    76 |   115 ||   192
         Buckler           |       |       |       |   262 ||   262

Table legend: (Time is in decaauts)
 A = Elapsed time spent in this place.
 B = Non-inter-level travel time spent in this place.
 C = Inter-level travel time spent in this place.
 D = Time resting spent in this place.
 E = Time spent auto-exploring this place.
 F = Levels seen in this place.
 G = Mean time per level.
                   A        B        C        D        E       F      G
               +--------+--------+--------+--------+--------+-----+--------+
         Total |  13722 |  12979 |    743 |   1457 |   7256 |  14 |  980.1 |
       Dungeon |  13100 |  12357 |    743 |   1203 |   7256 |  12 | 1091.7 |
        Temple |      1 |      1 |      0 |      0 |      0 |   1 |    1.0 |
        Bailey |    621 |    621 |      0 |    254 |      0 |   1 |  621.0 |
               +--------+--------+--------+--------+--------+-----+--------+

Top non-repeatable levels by time:
     D:5: 1535 daAuts
     D:4: 1515 daAuts
     D:3: 1304 daAuts
     D:8: 1247 daAuts
     D:6: 1104 daAuts
    D:11: 1078 daAuts
     D:1: 1057 daAuts
    D:10: 969 daAuts
     D:9: 956 daAuts
     D:7: 840 daAuts
     D:2: 827 daAuts
    D:12: 663 daAuts
  Bailey: 621 daAuts
  Temple: 1 daAuts
